 Dungeon Crawl Stone Soup version 0.16-a0-2558-g6680ffd (webtiles) character file.

233978 stonewall the Fencer (level 18, -3/145 (147) HPs)
             Began as a Mummy Arcane Marksman on Nov 20, 2014.
             Was the Champion of Makhleb.
             Killed from afar by a balrug (32 damage)
             ... with a fireball
             ... summoned by the player character
             ... on level 2 of the Elven Halls.
             The game lasted 02:33:57 (54259 turns).

stonewall the Fencer (Mummy Arcane Marksman)       Turns: 54259, Time: 02:33:57

HP:   -3/145 (147)  AC: 34    Str: 20    XL:     18   Next: 43%
MP:   32/32         EV:  5    Int: 12    God:    Makhleb [******]
Gold: 929           SH: 13    Dex: 14    Spells: 1 memorised, 18 levels left

rFire  . . .     SeeInvis +     a - +2 demon blade (drain) {ez4me devteam}
rCold  . . .     Clarity  +     K - +6 plate armour
rNeg   + + +     SustAb   .     J - +2 shield {rN+}
rPois  +         Gourm    .     g - +3 helmet of Ytuck {rElec MR+ Str+1}
rElec  +         Spirit   .     f - +2 cloak
rCorr  .         Warding  .     w - +0 pair of gloves (curse)
rMut   .         Stasis   .     H - +0 pair of boots
MR     ++++.                    e - amulet of clarity
Stlth  ..........               m - ring of fire
                                k - ring "Khoan" {MR+ Dex+2 SInv}

@: about to teleport, incredibly resistant to hostile enchantments, extremely
unstealthy
A: no food or potions, fire vulnerability, in touch with death, restore body,
cold resistance 1, negative energy resistance 3, poison resistance, torment
resistance, unbreathing
a: Self-Restoration, Minor Destruction, Lesser Servant of Makhleb, Major
Destruction, Greater Servant of Makhleb, Renounce Religion
}: 2/15 runes: decaying, serpentine


You were on level 2 of the Elven Halls.
You worshipped Makhleb.
Makhleb was exalted by your worship.
You were not hungry.

You visited 8 branches of the dungeon, and saw 41 of its levels.

You collected 3835 gold pieces.
You spent 2906 gold pieces at shops.

Inventory:

Hand weapons
 a - a +2 demon blade of draining (weapon) {ez4me devteam}
 b - a +0 blowgun
 N - a +3 great sword of flaming
Missiles
 R - 2 curare-tipped needles
Armour
 f - a +2 cloak (worn)
 g - the +3 helmet of Ytuck (worn) {rElec MR+ Str+1}
   (You bought it in a shop on level 4 of the Orcish Mines)

   It affects your strength (+1).
   It insulates you from electricity.
   It affects your resistance to hostile enchantments.
 w - a cursed +0 pair of gloves (worn)
 H - a +0 pair of boots (worn)
 J - a +2 shield of positive energy (worn)
 K - a +6 plate armour (worn)
Rods
 n - a +4 rod of inaccuracy (12/12)
   (You took it off a naga on level 5 of the Snake Pit)
 X - a +1 rod of destruction (13/13)
   (You took it off an orc on level 10 of the Dungeon)
Jewellery
 e - an amulet of clarity (around neck)
 i - an uncursed amulet of warding
 k - the ring "Khoan" (left hand) {MR+ Dex+2 SInv}
   (You bought it in a shop on level 4 of the Orcish Mines)

   [ring of see invisible]

   It affects your dexterity (+2).
   It affects your resistance to hostile enchantments.
   It enhances your eyesight.
 m - a ring of fire (right hand)
 q - an uncursed ring of fire
 y - an uncursed amulet of resist corrosion
 z - an uncursed ring of teleport control
 C - an uncursed amulet of resist mutation
 L - an uncursed ring of ice
 O - an uncursed ring of flight
 Q - the ring "Piesusch" {+Blink MP+9}
   (You found it on level 14 of the Dungeon)

   [ring of magical power]

   It affects your magic capacity (+9).
   It lets you blink.
Magical devices
 c - a wand of fire (0)
 p - a wand of slowing (27)
 s - a wand of enslavement (0)
 v - a wand of draining (0)
 x - a wand of fireball (0)
 B - a wand of disintegration (11)
 D - a wand of flame (26)
 E - a wand of flame (32)
 F - a wand of digging (14)
 M - a wand of lightning (0)
 S - a wand of cold (0)
 T - a wand of disintegration (0)
 U - a wand of disintegration (10)
Scrolls
 d - 3 scrolls of enchant weapon
 j - a scroll of brand weapon
 l - a scroll of immolation
 o - 3 scrolls of magic mapping
 r - 3 scrolls of enchant armour
 t - 14 scrolls of identify
 u - 3 scrolls of fog
 A - 9 scrolls of remove curse
 V - 5 scrolls of amnesia
 Z - 3 scrolls of recharging
Miscellaneous
 W - a lamp of fire


   Skills:
 + Level 14.5 Fighting
   Level 2.1(10.4) Short Blades
 - Level 15.1(15.2) Long Blades
   Level 1.9 Slings
 + Level 14.5 Armour
 - Level 1.9 Dodging
 - Level 6.6 Shields
 - Level 1.0 Spellcasting
 - Level 3.0 Hexes
 - Level 12.0 Invocations
 - Level 8.0 Evocations


You had 18 spell levels left.
You knew the following spells:

 Your Spells              Type           Power        Failure   Level  Hunger
a - Corona                Hex            #......      100%        1    N/A

Dungeon Overview and Level Annotations

Branches:
Dungeon (15/15)            Temple (1/1) D:6            Lair (8/8) D:10
  Swamp (5/5) Lair:3        Snake (5/5) Lair:5        Slime (0/6) Lair:7
    Orc (4/4) D:11            Elf (2/3) Orc:4        Vaults (0/5) D:13
 Depths (1/5) D:15

Altars:
Ashenzari
Cheibriados
Dithmenos
Elyvilon
Fedhas
Gozag
Kikubaaqudgha
Makhleb
Nemelex Xobeh
Qazlal
Ru
Sif Muna
Trog
Vehumet
Xom
Yredelemnul
Zin
The Shining One
Jiyva

Shops:
D:6 *   D:7 [   D:13 (   D:14 *   Orc:4 =?([

Annotations:
D:4 Prince Ribbit
D:5 exclusion: upstairs
D:6 exclusion: jelly
D:9 exclusion: downstairs
D:10 exclusion: downstairs
Elf:2 runed door


Innate Abilities, Weirdness & Mutations

You do not eat or drink.
Your flesh is vulnerable to fire.
You are in touch with the powers of death.
You can restore your body by infusing magical energy.
Your flesh is cold resistant.
You are immune to negative energy.
Your system is resistant to poisons.
You are immune to unholy pain and torment.
You can survive without breathing.


Message History

You block the short sword of electrocution's attack.
The lajatang of holy wrath hits you but does no damage.
The short sword of electrocution hits you.
Unknown command.
Unknown command.
Read which item? (? for menu, Esc to quit)
As you read the scroll of teleportation, it crumbles to dust.
You feel strangely unstable.
The short sword of electrocution hits you but does no damage.
The lajatang of holy wrath hits you!
You convulse!!
* * * LOW HITPOINT WARNING * * *
The balrug gestures at you. Something smites you!
* * * LOW HITPOINT WARNING * * *
Unknown command.
Unknown command.
The short sword of electrocution hits you but does no damage.
The balrug gestures at you.
The fireball explodes!
The fireball engulfs you!
You die...

...........###.#....)...
...........(##.+......[.
...........###.#........
.......)).(## ###........
....##...## #.......... .
# ##...###......#### ...
##...##.....##### ....#
##....##....##....
.......##@....##...###....
.......((....####.####.##)
.........2...# #......#..
#..##..##.### ######.'.. #
### ### #.#.. #.##+ #....
#####


You could see a balrug and 2 dancing weapons.

Vanquished Creatures
  Kirke (D:14)
  6 greater nagas (Snake:5)
  A deep elf sorcerer (Elf:2)
  A very ugly thing (Swamp:4)
  Snorg (D:14)
  12 hydras
  Fannar (D:10)
  Harold (D:14)
  23 naga warriors
  4 centaur warriors
  5 anacondas
  6 alligators
  8 dancing weapons
  An ogre mage (D:15)
  3 shock serpents
  An orc high priest (Elf:1)
  Urug (D:11)
  4 tengu warriors
  A catoblepas (D:15)
  11 naga sharpshooters
  3 salamander mystics
  4 skeletal warriors (D:15)
  An unseen horror (D:10)
  Erolcha (Orc:4)
  11 swamp dragons
  13 deep elf knights
  2 spriggan druids
  6 naga ritualists
  6 deep elf summoners
  5 hill giants
  A wizard (D:15)
  12 deep elf conjurers
  2 lindwurms
  2 orc knights
  2 griffons
  A phantasmal warrior (D:13)
  An ugly thing (D:11)
  A manticore (D:15)
  5 mana vipers
  A draconian (shapeshifter) (D:14)
  2 cyclopes
  A red wasp (Swamp:5)
  A red wasp (shapeshifter) (D:13)
  8 elephants
  8 guardian serpents
  9 salamanders
  Joseph (D:7)
  A guardian serpent (shapeshifter) (Elf:1)
  32 black mambas
  2 orange demons
  13 spiny frogs
  A centaur skeleton (D:14)
  A gargoyle (D:15)
  Psyche (Orc:1)
  16 naga magi
  9 komodo dragons
  2 demonic crawlers (Elf:1)
  2 kobold demonologists
  A jumping spider (Elf:1)
  A tengu conjurer (D:10)
  An efreet (D:14)
  2 fire drakes (Lair:5)
  Sonja (D:13)
  4 deep elf priests
  3 giant leeches
  6 baby alligators
  Grinder (D:3)
  A polar bear (Lair:6)
  10 trolls
  A polar bear (shapeshifter) (Elf:1)
  18 ravens
  6 slime creatures
  4 bog bodies
  8 two-headed ogres
  11 blink frogs
  A basilisk (D:12)
  8 spriggans
  A spriggan (shapeshifter) (D:13)
  7 redbacks
  A tarantella (Elf:1)
  16 hippogriffs
  2 shadows
  22 deep elf magi
  2 wyverns
  2 hungry ghosts
  17 deep elf fighters
  Grum (D:11)
  14 vampire mosquitoes
  9 swamp worms
  6 wargs
  3 mottled dragons
  Edmund (D:6)
  63 yaks
  32 wolves
  69 nagas
  14 orc warriors
  32 water moccasins
  10 black bears
  A necrophage (D:10)
  12 porcupines
  2 sky beasts
  2 phantoms
  7 ice beasts
  7 swamp drakes
  An eye of draining (D:9)
  2 boring beetles
  A boggart (shapeshifter) (D:15)
  3 yellow wasps
  9 big kobolds
  26 ogres
  17 centaurs
  Duvessa (D:8)
  14 crocodiles
  14 giant frogs
  8 insubstantial wisps (Swamp:3)
  A water moccasin zombie (D:9)
  2 wyvern skeletons
  6 scorpions
  13 killer bees
  14 wights
  5 crimson imps
  5 electric eels
  Dowan (D:8)
  A quasit (D:8)
  3 goliath beetles
  4 giant frog zombies
  2 centaur zombies
  18 hounds
  5 jellies
  2 giant frog skeletons
  18 orc priests
  24 orc wizards
  5 orange rats (Elf:1)
  11 iguanas
  A wolf simulacrum (D:14)
  10 worker ants
  A polar bear simulacrum (D:14)
  A yak simulacrum (D:14)
  6 sheep (D:10)
  Ijyb (D:7)
  2 hound zombies
  A hound skeleton (D:5)
  11 gnolls
  A mummy (D:7)
  2 worker ant zombies
  25 adders
  81 river rats
  4 shadow imps
  A giant mite (D:4)
  12 white imps (Lair:1)
  An adder skeleton (D:7)
  An adder zombie (D:5)
  10 giant geckos
  An ooze (D:2)
  139 orcs
  2 bat skeletons
  2 bat zombies
  8 giant cockroaches
  29 hobgoblins
  19 jackals
  16 quokkas
  2 ball pythons
  21 bats
  11 giant newts
  39 goblins
  50 kobolds
  A quokka skeleton (D:5)
  17 rats
  8 river rat simulacra (D:14)
  5 ballistomycetes
1503 creatures vanquished.

Vanquished Creatures (collateral kills)
  Rupert (Lair:7)
  Agnes (Snake:4)
  3 greater nagas
  Aizul (Snake:2)
  The ghost of nht the Bludgeoner, a powerful OgBe of Trog (Lair:6)
  6 hydras
  An anaconda (Snake:4)
  9 naga warriors (Snake:5)
  4 ogre magi (Orc:4)
  A dancing weapon (Elf:2)
  8 naga sharpshooters
  A naga ritualist (Snake:5)
  3 swamp dragons (Swamp:5)
  A deep elf conjurer (Elf:2)
  A wolf spider (D:15)
  A salamander (Snake:4)
  A guardian serpent (Snake:5)
  A black mamba (Snake:4)
  An orange demon (D:14)
  3 naga magi
  7 two-headed ogres (Orc:4)
  A raven (Swamp:5)
  A bog body (Swamp:5)
  A deep elf mage (Elf:2)
  4 deep elf fighters (Elf:2)
  4 yaks (Lair:7)
  A swamp worm (Swamp:1)
  A porcupine (Lair:7)
  16 nagas
  A water moccasin (Snake:4)
  A swamp drake (Swamp:5)
  An orc warrior (Orc:2)
  5 ogres
  2 giant frogs
  An orc wizard (Orc:2)
  A shadow imp (D:10)
  A river rat (Lair:6)
  An orc (Orc:2)
99 creatures vanquished.

Vanquished Creatures (others)
  3 Executioners
  4 cacodemons
  2 balrugs
  A blizzard demon (Elf:2)
  5 green deaths
  A hydra (D:12)
  A necromancer (D:14)
  2 smoke demons
  3 orange demons
  A naga mage (Snake:3)
  3 hellwings
  A raven (Swamp:1)
  4 humans (D:14)
  6 fire elementals
  2 ynoxinuls (Lair:8)
  A neqoxec (Lair:8)
  An iron imp (Lair:8)
  An adder (D:12)
  6 ufetubi
  2 orcs (D:14)
  A quokka (D:9)
  3 giant spores
  14 fungi
  9 plants
77 creatures vanquished.

Grand Total: 1679 creatures vanquished

Notes
Turn   | Place    | Note
--------------------------------------------------------------
     0 | D:1      | stonewall, the Mummy Arcane Marksman, began the quest for the Orb.
     0 | D:1      | Reached XP level 1. HP: 15/15 MP: 2/2
   203 | D:1      | Reached XP level 2. HP: 8/21 MP: 3/3
   456 | D:1      | Reached skill level 3 in Hexes
   890 | D:1      | Reached skill level 1 in Short Blades
   957 | D:1      | Reached XP level 3. HP: 19/26 MP: 4/4
  2054 | D:3      | Found an opulent altar of Gozag.
  2073 | D:3      | Reached XP level 4. HP: 24/32 MP: 5/5
  2325 | D:3      | Found a glowing golden altar of the Shining One.
  2327 | D:3      | Noticed Grinder
  2330 | D:3      | Paralysed by Grinder for 2 turns
  2334 | D:3      | Paralysed by Grinder for 7 turns
  2355 | D:3      | Paralysed by Grinder for 2 turns
  2434 | D:4      | Reached skill level 1 in Long Blades
  2821 | D:4      | Reached XP level 5. HP: 33/37 MP: 7/7
  3567 | D:4      | Noticed Prince Ribbit
  3594 | D:5      | Entered Level 5 of the Dungeon
  3595 | D:5      | Reached XP level 6. HP: 29/43 MP: 8/8
  3710 | D:5      | Noticed an ice beast
  3949 | D:6      | Found a staircase to the Ecumenical Temple.
  3957 | Temple   | Entered the Ecumenical Temple
  4049 | Temple   | Became a worshipper of Makhleb the Destroyer
  4074 | D:6      | Found an ancient bone altar of Kikubaaqudgha.
  4235 | D:5      | Reached skill level 4 in Long Blades
  4546 | D:5      | Killed an ice beast
  4670 | D:3      | Paralysed by Grinder for 4 turns
  4674 | D:3      | Killed Grinder
  4674 | D:3      | Reached skill level 5 in Long Blades
  4674 | D:3      | Reached XP level 7. HP: 10/48 MP: 9/9
  4924 | D:3      | Acquired Makhleb's first power
  5407 | D:2      | Reached skill level 6 in Long Blades
  5786 | D:2      | Acquired Makhleb's second power
  6286 | D:4      | Acquired Makhleb's third power
  6661 | D:5      | Reached skill level 7 in Long Blades
  6661 | D:5      | Reached XP level 8. HP: 37/54 MP: 10/10
  6765 | D:5      | Found a shadowy altar of Dithmenos.
  6986 | D:5      | Noticed a phantom
  7003 | D:5      | Killed a phantom
  7634 | D:6      | Reached skill level 8 in Long Blades
  7913 | D:6      | Acquired Makhleb's fourth power
  7999 | D:6      | Found Caup's General Store.
  8002 | D:6      | Bought a scroll of brand weapon for 260 gold pieces
  8107 | D:6      | Noticed Edmund
  8145 | D:6      | Killed Edmund
  8651 | D:7      | Found Suaxun's Armour Shoppe.
  8655 | D:7      | Noticed Joseph
  9367 | D:7      | Killed Joseph
  9367 | D:7      | Reached skill level 9 in Long Blades
  9367 | D:7      | Reached XP level 9. HP: 34/59 MP: 11/11
  9489 | D:7      | Bought a cursed +0 pair of boots for 21 gold pieces
  9543 | D:7      | Found a stormy altar of Qazlal.
  9633 | D:7      | Found a shimmering altar of Xom.
  9636 | D:7      | Found a shimmering altar of Xom.
  9636 | D:7      | Found a shimmering altar of Xom.
  9636 | D:7      | Found a shimmering altar of Xom.
  9636 | D:7      | Found a shimmering altar of Xom.
  9637 | D:7      | Found a shimmering altar of Xom.
  9637 | D:7      | Found a shimmering altar of Xom.
  9638 | D:7      | Found a shimmering altar of Xom.
  9685 | D:7      | Found a deep blue altar of Sif Muna.
  9942 | D:7      | Noticed Ijyb
  9953 | D:7      | Killed Ijyb
  9956 | D:7      | Found a sparkling altar of Nemelex Xobeh.
 10201 | D:8      | Acquired Makhleb's fifth power
 10275 | D:8      | Reached skill level 10 in Long Blades
 10342 | D:8      | Noticed Duvessa
 10344 | D:8      | Noticed Dowan
 10376 | D:8      | Killed Duvessa
 10390 | D:8      | Killed Dowan
 10550 | D:8      | Found a deep blue altar of Sif Muna.
 10555 | D:8      | Found a blossoming altar of Fedhas.
 10822 | D:8      | Found a sacrificial altar of Ru.
 11227 | D:9      | Reached skill level 11 in Long Blades
 11353 | D:9      | Found a white marble altar of Elyvilon.
 11451 | D:9      | Found a radiant altar of Vehumet.
 11523 | D:10     | Entered Level 10 of the Dungeon
 11828 | D:10     | Noticed a centaur zombie
 11844 | D:10     | Killed a centaur zombie
 11844 | D:10     | Reached skill level 1 in Shields
 11844 | D:10     | Reached XP level 10. HP: 47/68 MP: 13/13
 12164 | D:10     | Noticed Fannar
 13061 | D:9      | Found a staircase to the Lair.
 13240 | D:9      | Reached skill level 5 in Fighting
 14190 | D:9      | Reached skill level 5 in Shields
 14244 | D:10     | Found a staircase to the Lair.
 14245 | D:10     | Noticed a komodo dragon
 14310 | D:10     | Noticed a tengu conjurer
 14840 | D:11     | Reached XP level 11. HP: 68/83 MP: 14/14
 14992 | D:11     | HP: 4/83 [orc warrior/stone (17)]
 14998 | D:11     | Noticed a hill giant
 15396 | D:10     | Killed a komodo dragon
 15751 | D:10     | Noticed a hill giant
 15780 | D:10     | Killed a hill giant
 16455 | Lair:1   | Entered Level 1 of the Lair of Beasts
 16932 | Lair:1   | Found a frozen archway.
 16973 | Lair:1   | Identified a scroll of acquirement
 17217 | Lair:1   | Reached skill level 1 in Invocations
 17919 | Lair:2   | Found a glowing golden altar of the Shining One.
 17940 | Lair:2   | Reached skill level 5 in Invocations
 18671 | Lair:2   | Reached XP level 12. HP: 48/92 MP: 23/23
 19949 | Lair:3   | Found a staircase to the Swamp.
 20798 | Lair:4   | You fall through a shaft!
 21110 | Lair:5   | Found a staircase to the Snake Pit.
 21205 | Lair:5   | Reached skill level 10 in Fighting
 21868 | Lair:5   | Identified the Handbook of Bewitchment
 21938 | Lair:5   | Reached skill level 12 in Long Blades
 23629 | Lair:6   | Reached XP level 13. HP: 89/103 MP: 25/25
 23799 | Lair:6   | Noticed nht's ghost (powerful OgBe)
 24121 | Lair:7   | Reached skill level 13 in Long Blades
 24618 | Lair:7   | Found a staircase to the Slime Pits.
 24618 | Lair:7   | Noticed Rupert
 24645 | Lair:7   | Killed Rupert
 25245 | Lair:7   | Identified Ugakudug's Compendium of Displaced Aid
 25384 | Lair:7   | Found a viscous altar of Jiyva.
 26224 | Lair:6   | Killed nht's ghost
 26683 | Lair:6   | Noticed a fire dragon
 26735 | Lair:8   | Entered Level 8 of the Lair of Beasts
 26752 | Lair:8   | Reached skill level 14 in Long Blades
 28253 | Lair:8   | Reached skill level 15 in Long Blades
 29299 | D:7      | Bought a +3 plate armour for 560 gold pieces
 29418 | D:10     | Killed a tengu conjurer
 29539 | D:10     | Killed Fannar
 29539 | D:10     | Reached XP level 14. HP: 73/110 MP: 26/26
 29808 | D:11     | Noticed Urug
 29906 | D:11     | Noticed Grum
 29936 | D:11     | Killed Grum
 30130 | D:11     | Reached skill level 1 in Armour
 30282 | D:11     | Killed Urug
 30514 | D:11     | Killed a hill giant
 30557 | D:11     | Noticed a cyan ugly thing
 30566 | D:11     | Killed a cyan ugly thing
 30772 | D:11     | Found a staircase to the Orcish Mines.
 30776 | Orc:1    | Entered Level 1 of the Orcish Mines
 30776 | Orc:1    | Noticed Psyche
 30788 | Orc:1    | Killed Psyche
 32085 | Orc:4    | Entered Level 4 of the Orcish Mines
 32445 | Orc:4    | Found Quq Cla's Armour Shoppe.
 32446 | Orc:4    | Found Pluett's Magic Scroll Shop.
 32446 | Orc:4    | Found Gaadil's Antique Weapon Shop.
 32464 | Orc:4    | Reached skill level 5 in Armour
 33081 | Orc:4    | Found Steitt's Jewellery Emporium.
 33112 | Orc:4    | Bought the +3 helmet of Ytuck {rElec MR+ Str+1} for 576 gold pieces
 33115 | Orc:4    | Bought the ring "Khoan" {MR+ Dex+2 SInv} for 413 gold pieces
 33115 | Orc:4    | Bought an uncursed ring of fire for 325 gold pieces
 33131 | Orc:4    | Bought a runed great sword for 195 gold pieces
 33189 | Orc:4    | Noticed Erolcha
 33201 | Orc:4    | Killed Erolcha
 33203 | Orc:4    | Found a staircase to the Elven Halls.
 33604 | Orc:4    | Bought a scroll of teleportation for 42 gold pieces
 34549 | D:13     | Found Loaggev's Antique Weapon Shop.
 34847 | D:13     | Noticed Sonja
 34872 | D:13     | Killed Sonja
 35677 | D:13     | Found a gate to the Vaults.
 35853 | D:14     | Got a fine lapis lazuli ring
 35861 | D:14     | Noticed Snorg
 35868 | D:14     | Identified the ring "Piesusch" {+Blink MP+9} (You found it on level 14 of the Dungeon)
 35877 | D:14     | Noticed Kirke
 35889 | D:14     | Killed Kirke
 36034 | D:14     | Found Muigasuh's Assorted Antiques.
 36052 | D:14     | Bought a pair of gloves for 139 gold pieces
 36296 | D:14     | Reached XP level 15. HP: 102/115 MP: 27/27
 36327 | D:14     | Noticed Harold
 36344 | D:14     | Killed Harold
 36888 | D:14     | Killed Snorg
 36902 | D:15     | Entered Level 15 of the Dungeon
 36922 | D:15     | Reached skill level 10 in Armour
 37838 | D:15     | Got a pair of fine boots
 37849 | D:15     | Identified the +0 pair of boots "Blifeush" {Str-2 Int+2 Dex-3} (You acquired it on level 15 of the Dungeon)
 38080 | D:15     | Found a staircase to the Depths.
 38216 | Depths:1 | Entered Level 1 of the Depths
 38402 | Lair:2   | Noticed a five-headed hydra
 38411 | Lair:2   | Killed a five-headed hydra
 38618 | Snake:1  | Entered Level 1 of the Snake Pit
 39523 | Snake:2  | Noticed Aizul
 39560 | Snake:2  | Killed Aizul
 39560 | Snake:2  | Reached skill level 10 in Invocations
 41336 | Snake:3  | Reached XP level 16. HP: 110/122 MP: 30/30
 42735 | Snake:4  | Noticed Agnes
 42745 | Snake:4  | Killed Agnes
 43435 | Snake:5  | Entered Level 5 of the Snake Pit
 43466 | Snake:5  | Found an opulent altar of Gozag.
 45521 | Snake:5  | Reached XP level 17. HP: 111/135 MP: 31/31
 45617 | Snake:5  | Got a serpentine rune of Zot
 47495 | D:13     | Bought a glowing double sword for 375 gold pieces
 47843 | Swamp:1  | Entered Level 1 of the Swamp
 47859 | Swamp:1  | Reached skill level 1 in Evocations
 49001 | Swamp:4  | Reached skill level 5 in Evocations
 49356 | Swamp:5  | Entered Level 5 of the Swamp
 50347 | Swamp:5  | Got a decaying rune of Zot
 50702 | Elf:1    | Entered Level 1 of the Elven Halls
 51073 | Elf:1    | Reached XP level 18. HP: 139/144 MP: 32/32
 52285 | Elf:1    | Got a jewelled blowgun
 52286 | Elf:1    | Identified the cursed -2 blowgun "Aphiapha" {speed, rN+ Int+2} (You found it on level 1 of the Elven Halls)
 52690 | Elf:2    | Found a runed gate.
 52692 | Elf:2    | Found a runed gate.
 52692 | Elf:2    | Found a runed gate.
 54259 | Elf:2    | Killed from afar by a balrug

Action                   |  1- 3 |  4- 6 |  7- 9 | 10-12 | 13-15 | 16-18 || total
-------------------------+-------+-------+-------+-------+-------+-------++-------
Melee: Short sword       |   112 |       |       |       |       |       ||   112
       Long sword        |     5 |   177 |   607 |   492 |       |       ||  1281
       Demon blade       |       |       |       |   864 |  2831 |  2615 ||  6310
 Fire: Hunting sling     |    53 |       |       |       |       |       ||    53
       Blowgun           |       |       |    50 |    18 |     3 |       ||    71
Invok: Major Destruction |       |       |       |       |    31 |     7 ||    38
       Lesser Servant of |       |       |       |       |    19 |     6 ||    25
       Greater Servant o |       |       |       |       |     4 |    16 ||    20
       Minor Destruction |       |       |       |       |     3 |       ||     3
Evoke: Wand              |       |     5 |     4 |    16 |     9 |     4 ||    38
       Lamp of fire      |       |       |       |     1 |     3 |     5 ||     9
  Use: Scroll            |     3 |     4 |     9 |    12 |    18 |    16 ||    62
 Stab: Sleeping          |       |     1 |       |     1 |       |       ||     2
       Distracted        |       |       |     1 |       |     2 |     7 ||    10
       Paralysed         |       |       |       |       |     2 |       ||     2
